 Dungeon Crawl Stone Soup version 0.26-a0-651-gb41185065b (webtiles) character file.

Game seed: 930951920654679931

1281 Irenicus the Geomancer (level 8, -8/62 HPs)
             Began as a Deep Dwarf Earth Elementalist on Oct 6, 2020.
             Was an Initiate of Makhleb.
             Mangled by a gnoll sergeant
             ... wielding a +5 spear of flaming
              (9 damage)
             ... on level 6 of the Dungeon.
             The game lasted 00:18:40 (3207 turns).

Irenicus the Geomancer (DDEE)                       Turns: 3207, Time: 00:18:41

Health: -8/62      AC:  9    Str: 12    XL:     8   Next: 29%
Magic:  16/19 (10) EV: 11    Int: 18    God:    Makhleb [......]
Gold:   357        SH:  0    Dex: 15    Spells: 4/10 levels left

rFire    + . .     SeeInvis .   p - +2 dagger (freeze)
rCold    + . .     Faith    .   (no shield)
rNeg     . . .     Spirit   .   d - +0 ring mail
rPois    .         Reflect  .   e - +0 helmet
rElec    .         Harm     .   f - scarf {rC+ rF+}
rCorr    .         Rampage  .   (no gloves)
MR       ++...                  t - +2 pair of boots
Stlth    +.........             (no amulet)
HPRegen  0.00/turn              l - ring of magical power {MP+9}
MPRegen  0.16/turn              x - ring "Ojeapsat" {MR+ Dex+2}

@: non-regenerating
A: damage resistance, heal wounds, sense surroundings 1, no regeneration
a: Heal Wounds, Renounce Religion


You were on level 6 of the Dungeon.
You worshipped Makhleb.
Makhleb was noncommittal.
You visited 2 branches of the dungeon, and saw 7 of its levels.

You collected 357 gold pieces.

Inventory:

Hand Weapons
 p - a +2 dagger of freezing (weapon)
   (You took it off an orc wizard on level 4 of the Dungeon)
Missiles
 b - 35 stones (quivered)
 s - a throwing net {=f, !d}
Armour
 d - a +0 ring mail (worn)
   (You found it on level 2 of the Dungeon)
 e - a +0 helmet (worn)
   (You found it on level 4 of the Dungeon)
 f - a scarf of resistance (worn)
   (You found it on level 1 of the Dungeon)
 t - a +2 pair of boots (worn)
   (You found it on level 4 of the Dungeon)
 B - the +3 leather armour of Cheibriados's Reproof {rN++, unknown}
   (You found it on level 6 of the Dungeon)

   It greatly protects you from negative energy.
Jewellery
 l - a ring of magical power (left hand) {MP+9}
   (You found it on level 3 of the Dungeon)
 x - the ring "Ojeapsat" (right hand) {MR+ Dex+2}
   (You found it on level 5 of the Dungeon)

   [ring of protection from magic]

   It affects your dexterity (+2).
   It affects your resistance to hostile enchantments.
Wands
 A - a wand of flame (16)
   (You found it on level 6 of the Dungeon)
Scrolls
 g - 5 scrolls of identify
 j - 2 scrolls of remove curse
 n - 2 scrolls of magic mapping {unknown}
 o - a scroll of amnesia {unknown}
 q - 3 scrolls of teleportation {unknown}
 r - a scroll of fear {unknown}
 w - 2 scrolls of noise {unknown}
 y - a scroll of enchant armour {unknown}
 z - a scroll of enchant weapon
Potions
 a - a potion of magic
 c - 3 potions of stabbing
 h - 2 potions of lignification {!q}
 i - 3 potions of flight
 k - a potion of curing
 m - a potion of berserk rage {!q}
 u - a potion of might
 v - 2 potions of degeneration {unknown}
 C - a potion of heal wounds


   Skills:
 - Level 2.1 Dodging
 - Level 2.4 Stealth
 - Level 1.7 Spellcasting
 - Level 0.8 Transmutations
 + Level 13.2 Earth Magic


You had 4 spell levels left.
You knew the following spells:

 Your Spells              Type           Power        Failure   Level
a - Sandblast             Erth           #####.       1%          1
w - Passwall              Tmut/Erth      ####....     3%          2
x - Stone Arrow           Conj/Erth      ####..       9%          3

Your spell library contained the following spells:

 Spells                   Type           Power        Failure   Level
 Petrify                  Tmut/Erth      ####....     24%         4
 Leda's Liquefaction      Hex/Erth       ####......   28%         4
 Corona                   Hex            #......      38%         1
 Magic Dart               Conj           #...         38%         1
 Blink                    Tloc           N/A          54%         2
 Call Imp                 Summ           #.......     54%         2
 Slow                     Hex            #.......     54%         2
 Conjure Flame            Conj/Fire      #.......     77%         3
 Inner Flame              Hex/Fire       #.......     77%         3
 Mephitic Cloud           Conj/Pois/Air  #.......     77%         3
 Portal Projectile        Hex/Tloc       #.....       77%         3
 Cause Fear               Hex            #.........   99%         4
 Lee's Rapid Deconstruct  Erth           #####.....   5%          5


Dungeon Overview and Level Annotations

Branches:
Dungeon (6/15)             Temple (1/1) D:5

Altars:
Ashenzari
Cheibriados
Dithmenos
Fedhas
Gozag
Hepliaklqana
Makhleb
Okawaru
Qazlal
Ru
Sif Muna
Trog
Uskayaw
Vehumet
Wu Jian
Xom
Zin
The Shining One


Innate Abilities, Weirdness & Mutations

You are resistant to damage.
You can heal yourself by infusing magical energy.
You passively map a small area around you.
You do not regenerate.


Message History

Found a burning altar of Makhleb.
There is a burning altar of Makhleb here.
You kneel at the altar of Makhleb.
Makhleb welcomes you!
Casting: Sandblast (safe; 1% risk of failure)
Confirm with . or Enter, or press ? or * to list all spells.
Press: ? - help, Dir - move target cursor A rock wall.
You begin to meditate on the wall.
You continue meditating on the rock. x2
You finish merging with the rock.
You now have 17/19 mp.
i - 3 potions of flight (gained 1) MP restored: 19
C - a potion of heal wounds You see here a +0 flail.
Casting: Passwall (safe; 3% risk of failure)
Confirm with . or Enter, or press ? or * to list all spells.
Aiming: Sandblast (safe; 1% risk of failure)
Press: ? - help, Shift-Dir - straight line, f - orc
Aim: an orc, wielding a +0 club and wearing a +0 leather armour The blast of sand hits the orc!
You kill the orc!
Makhleb accepts your kill.
b - 22 stones You now have 18/19 mp.
A gnoll comes into view. It is wielding a +0 spear.
A gnoll comes into view. It is wielding a +0 flail.
Casting: Sandblast (safe; 1% risk of failure)
Confirm with . or Enter, or press ? or * to list all spells.
Aiming: Sandblast (safe; 1% risk of failure)
Press: ? - help, Shift-Dir - straight line, f - gnoll
Aim: a gnoll, wielding a +0 spear You miscast Sandblast.
You are very lightly contaminated with residual magic.
Nothing appears to happen.
You now have 17/19 mp.
Casting: Sandblast (safe; 1% risk of failure)
Confirm with . or Enter, or press ? or * to list all spells.
Aiming: Sandblast (safe; 1% risk of failure)
Press: ? - help, Shift-Dir - straight line, f/p - gnoll
Aim: a gnoll, wielding a +0 spear The blast of sand hits the gnoll!!
You kill the gnoll!
Makhleb accepts your kill.
b - 21 stones
Casting: Sandblast (safe; 1% risk of failure)
Confirm with . or Enter, or press ? or * to list all spells.
Aiming: Sandblast (safe; 1% risk of failure)
Press: ? - help, Shift-Dir - straight line, f - gnoll
Aim: a gnoll, wielding a +0 flail The blast of sand misses the gnoll.
b - 20 stones You now have 16/19 mp.
Casting: Sandblast (safe; 1% risk of failure)
Confirm with . or Enter, or press ? or * to list all spells.
Aiming: Sandblast (safe; 1% risk of failure)
Press: ? - help, Shift-Dir - straight line, f/p - gnoll
Aim: a gnoll, wielding a +0 flail The blast of sand hits the gnoll!!
You kill the gnoll!
Makhleb accepts your kill.
b - 19 stones You now have 15/19 mp.
Found a stone staircase leading down.
Your magical contamination has completely faded away.
g - 5 scrolls of identify (gained 2)
A gnoll comes into view. It is wielding a +0 halberd.
The gnoll shouts!
Casting: Sandblast (safe; 1% risk of failure)
Confirm with . or Enter, or press ? or * to list all spells.
Aiming: Sandblast (safe; 1% risk of failure)
Press: ? - help, Shift-Dir - straight line, f - gnoll
Aim: a gnoll, wielding a +0 halberd The blast of sand hits the gnoll!!
You kill the gnoll!
Makhleb accepts your kill.
b - 18 stones You now have 16/19 mp.
Casting: Sandblast (safe; 1% risk of failure)
Confirm with . or Enter, or press ? or * to list all spells.
You can't see any susceptible monsters within range! (Use Z to cast anyway.)
An orc and an orc wizard come into view.
You see here 18 stones.
b - 36 stones (gained 18)
A gnoll sergeant comes into view. It is wielding a +5 spear of flaming.
The gnoll sergeant shouts!
The gnoll sergeant hits you from afar with a +5 spear of flaming!
* * * LOW HITPOINT WARNING * * *
The gnoll sergeant burns you.
You take 8 damage, and have 1/62 hp.
Casting: Sandblast (safe; 1% risk of failure)
Confirm with . or Enter, or press ? or * to list all spells.
Aiming: Sandblast (safe; 1% risk of failure)
Press: ? - help, Shift-Dir - straight line, f - gnoll sergeant
Aim: a gnoll sergeant, wielding a +5 spear of flaming and wearing a +0 scale mail The blast of sand hits the gnoll sergeant!
The gnoll sergeant is severely wounded.
b - 35 stones The gnoll sergeant hits you from afar with a +5 spear of flaming!
You die...

### ** ..# . .<######...$
..))†......., ### **
..#####......, ... ,, ####
..# #.......##.# ##....# *
..# ##......##.)##.....##
, .##
##........#.@#........
..###.........g...........
..#..............>........
,, ,
.........)......#...o.....
, , ,
.†.[.....................o
..))......................
, ,
....).....................
,
.............##.##........
....).....##.##.# #.....#
,


You could see a gnoll sergeant and an orc.

Vanquished Creatures
  A troll (D:6)
  An orc warrior (D:5)
  An ogre (D:5)
  A centaur (D:6)
  A scorpion (D:5)
  5 wights
  A hound (D:6)
  A gnoll shaman (D:5)
  2 orc priests
  3 orc wizards
  An iguana (D:5)
  Natasha (twice) (D:2)
  A worker ant (D:4)
  A worker ant zombie (D:6)
  4 adders
  8 gnolls
  A white imp (D:6)
  2 ufetubi (D:5)
  An adder zombie (D:5)
  2 worms
  4 dart slugs
  2 leopard geckos
  24 orcs
  A giant cockroach (D:2)
  4 goblins
  6 hobgoblins
  3 jackals (D:3)
  2 kobolds
  3 quokkas
  A ball python (D:1)
  6 bats
  7 frilled lizards
  A jackal zombie (D:6)
  5 rats
109 creatures vanquished.

Notes
Turn   | Place    | Note
-------+----------+-------------------------------------------
     0 | D:1      | Irenicus the Deep Dwarf Earth Elementalist began the quest
                  | for the Orb.
     0 | D:1      | Reached XP level 1. HP: 15/15 MP: 3/3
   264 | D:1      | Reached XP level 2. HP: 22/22 MP: 0/4
   327 | D:1      | Learned a level 2 spell: Passwall
   431 | D:1      | Reached skill level 5 in Earth Magic
   704 | D:2      | Reached XP level 3. HP: 28/28 MP: 1/5
   774 | D:2      | Noticed Natasha
   784 | D:2      | Killed Natasha
   784 | D:2      | Reached skill level 6 in Earth Magic
   856 | D:2      | Noticed Natasha
   860 | D:2      | Killed Natasha
   860 | D:2      | Reached XP level 4. HP: 11/36 MP: 4/6
  1023 | D:2      | Reached skill level 7 in Earth Magic
  1297 | D:3      | Found a snail-covered altar of Cheibriados.
  1521 | D:3      | HP: 9/36 [jackal (2)]
  1536 | D:3      | Found an opulent altar of Gozag.
  1628 | D:3      | Found a hazy altar of Hepliaklqana.
  1631 | D:3      | Found a shimmering altar of Xom.
  1632 | D:3      | Noticed a spectral ugly thing
  1646 | D:4      | Reached XP level 5. HP: 11/42 MP: 7/7
  1651 | D:4      | Reached skill level 8 in Earth Magic
  1723 | D:4      | HP: 10/42 [orc/+0 club (1)]
  1881 | D:4      | Found a radiant altar of Vehumet.
  2264 | D:5      | Entered Level 5 of the Dungeon
  2306 | D:5      | Found a staircase to the Ecumenical Temple.
  2312 | Temple   | Entered the Ecumenical Temple
  2376 | D:5      | Reached skill level 9 in Earth Magic
  2376 | D:5      | Reached XP level 6. HP: 11/49 MP: 8/8
  2602 | D:5      | Reached skill level 10 in Earth Magic
  2811 | D:5      | Reached XP level 7. HP: 24/55 MP: 9/9
  2818 | D:5      | Got a transparent pewter ring
  2819 | D:5      | Identified the ring "Ojeapsat" {MR+ Dex+2} (You found it on
                  | level 5 of the Dungeon)
  2879 | D:5      | Reached skill level 11 in Earth Magic
  2887 | D:5      | Learned a level 3 spell: Stone Arrow
  2954 | D:6      | Noticed a troll
  2996 | D:6      | Reached skill level 12 in Earth Magic
  3044 | D:6      | Killed a troll
  3044 | D:6      | Reached XP level 8. HP: 20/62 MP: 7/10
  3061 | D:6      | Got a jewelled leather armour
  3077 | D:6      | HP: 10/62 [centaur/arrow (10)]
  3082 | D:6      | Reached skill level 13 in Earth Magic
  3120 | D:6      | Found a burning altar of Makhleb.
  3128 | D:6      | Became a worshipper of Makhleb the Destroyer
  3206 | D:6      | HP: 1/62 [gnoll sergeant/+5 spear of flaming (8)]
  3207 | D:6      | Mangled by a gnoll sergeant

Illustrated notes

Levels and vault maps discovered:
D:1:      evilmike_arrival_fibonacci_small, layout_loops_ring,
          serial_bayou_pond_a
D:2:      layout_basic, uniq_natasha
D:3:      layout_rooms, regret_index_temple_of_mockery, kennysheep_slug_shrine,
          nicolae_gozag_cash_rules_everything_around_me, nrook_loot_triangle
D:4:      layout_cave_pods, overflow_temple_1_default, grunt_ministairs_2
D:5:      kennysheep_spiral_hall, layout_loops_corners,
          minmay_temple_entry_wispy, kennysheep_doodads
D:6:      layout_rooms, lemuel_coloured_pillars_altar, kennysheep_little_box
Temple:   minmay_temple_bridge_abc

Skill      XL: |  1  2  3  4  5  6  7  8 |
---------------+-------------------------+-----
Earth Magic    | 5 6 7 9 10 12 13 | 13.2
Dodging        | |  2.1
Stealth        | |  2.4
Spellcasting   | |  1.7
Transmutations | |  0.8

Action                   |  1- 3 |  4- 6 |  7- 9 || total
-------------------------+-------+-------+-------++-------
Melee: Club              |     4 |     6 |       ||    10
 Cast: Sandblast         |    30 |    76 |    41 ||   147
       Passwall          |     3 |    19 |     1 ||    23
  Use: Scroll            |     1 |    12 |       ||    13
       Potion            |       |     1 |       ||     1
 Stab: Sleeping          |       |     1 |       ||     1
Armor: Robe              |     1 |       |       ||     1
       Leather armour    |     3 |       |       ||     3
       Ring mail         |       |    12 |     5 ||    17
Dodge: Dodged            |    13 |    15 |     8 ||    36

Table legend: (Time is in decaauts)
 A = Elapsed time spent in this place.
 B = Non-inter-level travel time spent in this place.
 C = Inter-level travel time spent in this place.
 D = Time resting spent in this place.
 E = Time spent auto-exploring this place.
 F = Levels seen in this place.
 G = Mean time per level.
                   A        B        C        D        E       F      G
               +--------+--------+--------+--------+--------+-----+--------+
         Total |   3212 |   3171 |     41 |     57 |      0 |   7 |  458.9 |
       Dungeon |   3158 |   3117 |     41 |     57 |      0 |   6 |  526.3 |
        Temple |     53 |     53 |      0 |      0 |      0 |   1 |   53.0 |
               +--------+--------+--------+--------+--------+-----+--------+

Top non-repeatable levels by time:
     D:2: 772 daAuts
     D:5: 663 daAuts
     D:4: 547 daAuts
     D:1: 488 daAuts
     D:3: 460 daAuts
     D:6: 226 daAuts
  Temple: 53 daAuts

Table legend:
 A = Kills in this place as a percentage of kills in entire the game.
 B = Kills by you in this place as a percentage of kills by you in the entire game.
 C = Kills by friends in this place as a percentage of kills by friends in the entire game.
 D = Other kills in this place as a percentage of other kills in the entire game.
 E = Experience gained in this place as a percentage of experience gained in the entire game.
 F = Experience gained in this place divided by the number of levels of this place that you have seen.
                   A       B       C       D       E      F
               +-------+-------+-------+-------+-------+----------------------
         Total | 100.0 | 100.0 |   N/A |   N/A | 100.0 | 261.6
       Dungeon | 100.0 | 100.0 |   N/A |   N/A | 100.0 | 305.2
               +-------+-------+-------+-------+-------+----------------------
